 Dungeon Crawl Stone Soup version 0.21.1-1-g345015fe64 (webtiles) character file.

122 Peloso the Shield-Bearer (level 4, -2/41 HPs)
             Began as a Minotaur Fighter on May 26, 2018.
             Slain by Natasha (4 damage)
             ... on level 2 of the Dungeon.
             The game lasted 00:02:26 (1229 turns).

Peloso the Shield-Bearer (Minotaur Fighter)         Turns: 1229, Time: 00:02:28

Health: -2/41      AC:  7    Str: 20    XL:     4   Next: 78%
Magic:  3/3        EV:  7    Int:  5    God:
Gold:   103        SH:  9    Dex: 11    Spells: 3/3 levels left

rFire    . . .     SeeInvis .   a - +0 long sword
rCold    . . .     Gourm    .   c - +0 shield
rNeg     . . .     Faith    .   b - +0 scale mail
rPois    .         Spirit   .   (helmet restricted)
rElec    .         Reflect  .   (no cloak)
rCorr    .         Harm     .   (no gloves)
MR       .....                  (no boots)
Stlth    ..........             (no amulet)
HPRegen  0.13/turn              (no ring)
MPRegen  0.08/turn              (no ring)

@: slowed, very slow
A: retaliatory headbutt, horns 2
a: no special abilities


You were on level 2 of the Dungeon.
You were not hungry.

You visited 1 branch of the dungeon, and saw 2 of its levels.

You collected 103 gold pieces.

Inventory:

Hand Weapons
 a - a +0 long sword (weapon)
Armour
 b - a +0 scale mail (worn)
 c - a +0 shield (worn)
 p - a +0 pair of gloves
Scrolls
 e - 2 scrolls of blinking {unknown}
 g - 2 scrolls of amnesia {unknown}
 h - a scroll of fear {unknown}
Potions
 d - 2 potions of might
 i - 2 potions of magic {unknown}
 j - 2 potions of degeneration {unknown}
 k - a potion of heal wounds {unknown}
 l - a potion of haste {unknown}
 m - a potion of resistance {unknown}
 n - a potion of invisibility {unknown}
 o - a potion of flight {unknown}
Comestibles
 f - 5 rations


   Skills:
 + Level 4.4 Fighting
 + Level 3.9 Long Blades
 + Level 4.1 Armour
 + Level 0.4 Dodging
 + Level 4.8 Shields


You had 3 spell levels left.
You didn't know any spells.

Dungeon Overview and Level Annotations

Branches:
Dungeon (2/15)

Altars:

Annotations:
D:2 Natasha


Innate Abilities, Weirdness & Mutations

You reflexively headbutt those who attack you in melee.
You have a pair of horns on your head.


Message History

The shadow imp summons a swarm of flies.
The white imp barely misses you. You furiously retaliate!
You headbutt the white imp! Natasha claws you.
* * * LOW HITPOINT WARNING * * *
You block the white imp's attack.
Unknown command.
Unknown command.
Your shield and scale mail prevent you from hitting Natasha.
Your headbutt misses Natasha.
Natasha is severely wounded.
The shadow imp summons a swarm of flies.
You block the shadow imp's attack.
The white imp hits you but does no damage. x2
You block Natasha's attack.
The shadow imp hits you but does no damage.
The white imp gestures at you. The puff of frost hits you!
* * * LOW HITPOINT WARNING * * *
The white imp barely misses you. Natasha claws you.
You die...

#.#..........###...#..........
##.#...........................
#..#..........######...........
#.##..........####.............
#.########.........###.....##..
#.## #.......### #..##.....
#..# #.......#####........#
##.# #...5h........)...#..# #.#
#...5@..###.#####..... #.#
#...5...##..######.... #.#
#.......##.###........ #.#
#..........#...###.... #.#
###........#...#........
#.#####.......................
#.......###..............###..
####..### #............#.###.#
###<...# #.............(....#


You could see Natasha, 2 white imps and a shadow imp.

Vanquished Creatures
  Jessica (D:2)
  Natasha (D:2)
  2 adders (D:2)
  An ooze (D:1)
  A worm (D:2)
  A dart slug (D:1)
  3 leopard geckos
  2 giant cockroaches (D:1)
  4 goblins
  7 hobgoblins
  6 kobolds
  6 bats
  3 frilled lizards (D:1)
  4 rats
42 creatures vanquished.

Notes
Turn   | Place    | Note
-------+----------+-------------------------------------------
     0 | D:1      | Peloso the Minotaur Fighter began the quest for the Orb.
     0 | D:1      | Reached XP level 1. HP: 19/19 MP: 0/0
   136 | D:1      | Reached XP level 2. HP: 27/27 MP: 1/1
   419 | D:1      | Reached XP level 3. HP: 33/33 MP: 2/2
   896 | D:2      | Noticed Natasha
   902 | D:2      | Killed Natasha
   902 | D:2      | Reached XP level 4. HP: 23/41 MP: 3/3
  1150 | D:2      | Noticed Jessica
  1165 | D:2      | Killed Jessica
  1220 | D:2      | Noticed Natasha
  1229 | D:2      | HP: 2/41 [white imp/puff of frost[Natasha] (4)]
  1229 | D:2      | Slain by Natasha

Skill      XL: |  1  2  3 |
---------------+----------+-----
Fighting       | 4 |  4.4
Shields        | 4 |  4.8
Armour         | 4 |  4.1
Long Blades    | 3 |  3.9
Dodging        | |  0.4

Action                   |  1- 3 |  4- 6 || total
-------------------------+-------+-------++-------
Melee: Long sword        |    80 |    18 ||    98
       Headbutt          |     9 |     2 ||    11
  Eat: Chunk             |       |     1 ||     1
Armor: Scale mail        |    36 |    17 ||    53
Dodge: Dodged            |    30 |     8 ||    38
Block: Shield            |    55 |    18 ||    73
       Rpst.: Long sword |    12 |     3 ||    15
